 Dungeon Crawl Stone Soup version 0.21-a0-91-ga5031da (webtiles) character file.

254 Lavandula the Bolt Thrower (level 5, -4/39 HPs)
             Began as a Mummy Arcane Marksman on June 30, 2017.
             Slain by Grinder (5 damage)
             ... while paralysed by Grinder
             ... on level 3 of the Dungeon.
             The game lasted 00:05:36 (789 turns).

Lavandula the Bolt Thrower (Mummy Arcane Marksman)   Turns: 789, Time: 00:05:36

Health: -4/39      AC:  3    Str: 14    XL:     5   Next: 90%
Magic:  7/7        EV:  2    Int: 13    God:
Gold:   73         SH:  0    Dex: 12    Spells: 3/6 levels left

rFire    x . .     SeeInvis .   a - +0 hand crossbow
rCold    + . .     Gourm    .   (no shield)
rNeg     + + +     Faith    .   e - +0 robe
rPois    ∞         Spirit   .   (no helmet)
rElec    .         Reflect  .   (no cloak)
rCorr    .         Harm     .   (no gloves)
MR       .....                  f - +0 pair of boots
Stlth    +.........             (no amulet)
HPRegen  0.13/turn              (no ring)
MPRegen  0.10/turn              (no ring)

@: paralysed, very slightly contaminated
A: no food or potions, fire vulnerability, cold resistance 1, negative energy
resistance 3, torment resistance, unbreathing
a: no special abilities


You were on level 3 of the Dungeon.
You were not hungry.

You visited 1 branch of the dungeon, and saw 5 of its levels.

You collected 73 gold pieces.

Inventory:

Hand Weapons
 a - a +0 hand crossbow (weapon)
 h - a +0 dagger
 i - a +0 spear
 j - a +0 hand axe
Missiles
 d - 2 bolts (quivered)
Armour
 b - a cursed +0 ring mail
 e - a +0 robe (worn)
 f - a +0 pair of boots (worn)
 m - a +1 chain mail of cold resistance
Scrolls
 g - a scroll of remove curse {unknown}
 k - a scroll of amnesia {unknown}
 l - a scroll of identify {unknown}
 n - a scroll of fog {unknown}
Books
 c - a book of Debilitation

   Spells                             Type                      Level
   a - Corona                         Hexes                        1
   b - Slow                           Hexes                        2
   c - Inner Flame                    Hexes/Fire                   3
   d - Portal Projectile              Hexes/Translocation          3
   e - Cause Fear                     Hexes                        4
   f - Leda's Liquefaction            Hexes/Earth                  4


   Skills:
 - Level 2.4 Fighting
 + Level 0.5 Polearms
 - Level 4.4 Crossbows
 - Level 1.7 Dodging
 - Level 1.3 Spellcasting
 - Level 2.9 Hexes


You had 3 spell levels left.
You knew the following spells:

 Your Spells              Type           Power        Failure   Level  Hunger
a - Corona                Hex            #......      9%          1    N/A
b - Slow                  Hex            #.......     12%         2    N/A

Dungeon Overview and Level Annotations

Branches:
Dungeon (5/15)
 Temple: D:4-7

Altars:

Annotations:
D:3 Grinder, Sigmund


Innate Abilities, Weirdness & Mutations

You do not eat or drink.
Your flesh is vulnerable to fire.
You are immune to poison.
Your flesh is cold resistant. (rC+)
You are immune to negative energy. (rN+++)
You are immune to unholy pain and torment.
You can survive without breathing.


Message History

The adder misses you. Grinder completely misses you. The adder bites you.
Grinder says, "DUCK!"
Grinder hits you!
Firing (i - inventory):
d - 3 bolts (quivered)
Press: ? - help, Shift-Dir - straight line, f/p - Grinder
Aim: Grinder You shoot a bolt.
The bolt hits Grinder but does no damage.
The adder closely misses you. Grinder gestures at you.
You suddenly lose the ability to move!
The adder bites you. The adder bites you. Grinder hits you.
The adder bites you.
* * * LOW HITPOINT WARNING * * *
Grinder hits you.
* * * LOW HITPOINT WARNING * * *
The adder bites you.
* * * LOW HITPOINT WARNING * * *
Grinder hits you.
You die...

#.....<#.....††...........,,,,,,,
#........................,,,,***,
#......#.(............,,,,,,,,,*,
#......#..............,,,,,,,,,**
#......#.......#......,,,,,,,,,**
#......#.......##..##.#.,*,,,,,**
#......#########...#...#,*,,*****
.......# **#...5......_,,** *
#......* **,,,#@S...#**,*,*
******,* *,,**#.w..## *,,,* *
*,****,** #...## *****
******,**,,,* ###.# **,,,,,,,,***
*.# 8*,,,,,,,,* **.# **,,,,,,,**
*,,# **,,,,,,,* ******,******
**,,,,,,,***,,,,,,,,,,,**


You could see Grinder, a worm and an adder.

Vanquished Creatures
  An ogre (D:4)
  A scorpion (D:4)
  A howler monkey (D:4)
  Jessica (D:3)
  A hound skeleton (D:5)
  2 adders (D:4)
  2 dart slugs (D:4)
  2 orcs
  A giant cockroach (D:5)
  3 goblins
  2 hobgoblins (D:1)
  6 jackals
  A quokka (D:3)
  3 bats
  2 frilled lizards
  A rat (D:3)
30 creatures vanquished.

Notes
Turn   | Place    | Note
-------+----------+-------------------------------------------
     0 | D:1      | Lavandula the Mummy Arcane Marksman began the quest for the Orb.
     0 | D:1      | Reached XP level 1. HP: 15/15 MP: 2/2
    96 | D:1      | Reached XP level 2. HP: 16/21 MP: 0/4
   144 | D:1      | Reached skill level 2 in Crossbows
   223 | D:3      | Noticed Jessica
   225 | D:3      | Killed Jessica
   225 | D:3      | Reached XP level 3. HP: 17/26 MP: 5/5
   233 | D:3      | Noticed Sigmund
   455 | D:4      | Reached skill level 3 in Crossbows
   455 | D:4      | Reached XP level 4. HP: 29/32 MP: 4/6
   456 | D:4      | Noticed an ogre
   480 | D:4      | Killed an ogre
   480 | D:4      | Reached skill level 4 in Crossbows
   480 | D:4      | Reached XP level 5. HP: 33/37 MP: 5/7
   550 | D:4      | Learned a level 2 spell: Slow
   662 | D:5      | Entered Level 5 of the Dungeon
   713 | D:5      | Noticed an ice beast
   780 | D:3      | Noticed Grinder
   786 | D:3      | Paralysed by Grinder for 4 turns
   789 | D:3      | HP: 1/39 [adder (4)]
   789 | D:3      | Slain by Grinder

Vault maps used:
D:1:      minmay_arrival_glassed_features
D:3:      lemuel_crystal_altar, nicolae_overflow_hidden_temple, fedhas_altar_2,
          uniq_sigmund, uniq_grinder, uniq_jessica
D:4:      minitemple, tgw_kikubaaqudgha
D:5:      first_bread, lemuel_tele_altar, uniq_pikel

Skill      XL: |  1  2  3  4  5 |
---------------+----------------+-----
Crossbows      | 2 3 4 |  4.4
Fighting       | 2 |  2.4
Polearms       | |  0.5
Dodging        | |  1.7
Spellcasting   | |  1.3
Hexes          | |  2.9

Action                   |  1- 3 |  4- 6 || total
-------------------------+-------+-------++-------
Melee: Spear             |     3 |    34 ||    37
 Fire: Hand crossbow     |    35 |    28 ||    63
 Cast: Corona            |     9 |     3 ||    12
  Use: Scroll            |     2 |       ||     2
Armor: Robe              |    11 |    13 ||    24
       Chain mail        |       |    13 ||    13
Dodge: Dodged            |    24 |    42 ||    66
